Map: Orbital Shipyard

Players

Harstem

  • Race: Protoss Protoss
  • League: Grandmaster

SortOf - Winner!

  • Race: Zerg Zerg
  • League: Grandmaster

Event: 2016 WCS Winter Challenger Europe

VOD

Have the link to the VOD?

Description

Time

  • Played on: Feb. 13, 2016, 12:36 p.m.
  • Length: 26:54

All games in this series

Show
View Real Time Build Order
Export as new Build Order

Harstem Protoss 

Build Orders: Nexus First, Phoenix Opening 

Get SALT Encoding   

  12  0:01  Probe (Chrono Boost)  
  13  0:11  Probe (Chrono Boost)  
  14  0:17  Pylon  
  14  0:22  Probe (Chrono Boost)  
  15  0:36  Probe (Chrono Boost)  
  16  0:46  Probe (Chrono Boost)  
  17  1:00  Nexus  
  17  1:11  Gateway  
  17  1:15  Probe (Chrono Boost)  
  18  1:23  Assimilator  
  18  1:25  Probe (Chrono Boost)  
  19  1:35  Assimilator  
  19  1:36  Probe (Chrono Boost)  
  20  1:42  Gateway  
  20  1:46  Probe (Chrono Boost)  
  21  1:57  Probe (Chrono Boost)  
  21  1:59  Cybernetics Core  
  22  2:07  Probe (Chrono Boost)  
  23  2:12  Probe (Chrono Boost)  
  24  2:18  Probe (Chrono Boost)  
  26  2:23  Probe (Chrono Boost)  
  26  2:28  Probe (Chrono Boost)  
  27  2:33  Probe (Chrono Boost)  
  27  2:35  Adept x2 (Chrono Boost)  
  27  2:36  Warp Gate  
  32  2:39  Probe  
  33  2:46  Probe  
  33  2:47  Stargate  
  34  2:51  Probe (Chrono Boost)  
  34  2:55  Pylon  
  35  2:58  Probe (Chrono Boost)  
  35  3:04  Probe (Chrono Boost)  
  37  3:09  Probe (Chrono Boost)  
  38  3:15  Mothership Core (Chrono Boost)  
  41  3:20  Probe (Chrono Boost), Pylon  
  41  3:29  Probe (Chrono Boost)  
  41  3:31  Phoenix (Chrono Boost)  
  41  3:33  Probe (Chrono Boost)  
  45  3:38  Nexus  
  45  3:39  Probe  
  46  3:44  Pylon  
  46  3:46  Probe  
  49  3:52  Adept  
  49  3:55  Pylon  
  50  3:57  Phoenix (Chrono Boost)  
  50  4:00  Probe x2  
  53  4:10  Probe  
  53  4:12  Probe  
  53  4:16  Robotics Facility  
  55  4:18  Assimilator  
  55  4:21  Probe, Assimilator  
  55  4:24  Probe  
  57  4:25  Phoenix (Chrono Boost)  
  59  4:31  Probe  
  59  4:36  Probe  
  61  4:42  Probe (Chrono Boost)  
  61  4:44  Forge  
  62  4:47  Phoenix (Chrono Boost)  
  62  4:48  Probe (Chrono Boost)  
  62  4:50  Probe (Chrono Boost)  
  66  4:54  Probe (Chrono Boost)  
  66  4:59  Probe (Chrono Boost), Robotics Facility  
  68  5:01  Probe (Chrono Boost)  
  68  5:03  Probe (Chrono Boost), Pylon  
  68  5:05  Immortal (Chrono Boost)  
  74  5:09  Probe (Chrono Boost)  
  74  5:13  Pylon  
  74  5:14  Assimilator  
  76  5:15  Probe (Chrono Boost), Protoss Ground Weapons Level 1 (Chrono Boost)  
  76  5:18  Probe (Chrono Boost)  
  76  5:20  Probe (Chrono Boost)  
  78  5:26  Probe (Chrono Boost)  
  79  5:28  Probe (Chrono Boost)  
  79  5:31  Probe (Chrono Boost)  
  79  5:35  Probe  
  81  5:37  Assimilator  
  81  5:38  Pylon  
  81  5:40  Probe  
  81  5:42  Probe, Sentry  
  86  5:43  Immortal (Chrono Boost)  
  86  5:45  Probe  
  86  5:46  Immortal (Chrono Boost)  
  95  5:50  Pylon  
  95  5:52  Twilight Council  
  95  5:54  Probe  
  95  5:56  Probe  
  97  6:03  Zealot  
  99  6:06  Gateway  
  99  6:09  Gateway x2  
  99  6:15  Zealot  
  101  6:20  Gateway  
  101  6:25  Pylon  
  101  6:30  Immortal x2 (Chrono Boost)  
  101  6:32  Zealot  
  111  6:35  Pylon  
  111  6:36  Pylon  
  111  6:38  Charge  
  111  6:46  Templar Archives  
  111  7:01  Immortal  
  111  7:02  Observer  
  111  7:04  Zealot x3  
  111  7:05  Protoss Ground Weapons Level 2 (Chrono Boost)  
  122  7:12  Gateway  
  122  7:14  Gateway  
  122  7:16  Pylon  
  122  7:18  Warp Prism  
  122  7:24  Psionic Storm  
  124  7:31  Nexus  
  124  7:35  Pylon  
  124  7:36  High Templar  
  124  7:37  Pylon, High Templar x2  
  128  7:38  Zealot x3  
  128  7:41  Probe (Chrono Boost)  
  128  7:43  Pylon  
  138  7:46  Immortal  
  141  7:53  Probe (Chrono Boost)  
  141  7:54  Immortal  
  141  7:55  Probe (Chrono Boost)  
  141  7:57  Probe (Chrono Boost)  
  148  8:08  Zealot, High Templar x2  
  148  8:09  Zealot x2  
  148  8:12  Photon Cannon  
  158  8:13  Archon, Photon Cannon, High Templar  
  160  8:24  Probe, Zealot  
  163  8:27  Pylon  
  163  8:29  Pylon  
  163  8:30  Pylon, Zealot x2  
  163  8:31  Zealot  
  161  8:38  Immortal  
  155  8:47  High Templar x2  
  155  8:48  Probe, High Templar  
  159  8:49  Probe  
  159  8:50  Probe  
  159  8:51  Probe, Immortal, Assimilator  
  165  8:55  Assimilator  
  167  9:03  Zealot x3  
  167  9:04  Probe  
  167  9:06  Probe  
  167  9:09  Photon Cannon  
  175  9:14  Zealot x2  
  177  9:18  Observer  
  178  9:24  Zealot x3  
  178  9:27  Zealot  
  178  9:28  Zealot x2  
  190  9:37  Zealot x2  
  132  9:53  Zealot x6  
  132  9:57  Immortal  
  126  10:02  Immortal  
  126  10:06  Zealot  
  126  10:07  Zealot  
  138  10:12  Protoss Ground Weapons Level 3 (Chrono Boost)  
  132  10:18  Zealot x4  
  132  10:19  Zealot x2  
  140  10:24  Probe x4  
  140  10:28  Phoenix (Chrono Boost)  
  146  10:29  Photon Cannon  
  146  10:31  Immortal, Assimilator  
  146  10:32  High Templar x2  
  150  10:36  Probe  
  150  10:39  High Templar x3  
  150  10:41  High Templar  
  150  10:42  Archon  
  163  10:44  High Templar x2  
  163  10:48  Archon, Nexus  
  167  10:50  Pylon  
  167  10:58  Pylon  
  167  10:59  Immortal (Chrono Boost)  
  171  11:05  Zealot x2  
  171  11:10  Photon Cannon  
  175  11:11  Zealot x3  
  175  11:18  Immortal (Chrono Boost)  
  181  11:24  Fleet Beacon  
  183  11:26  Stargate  
  183  11:29  Stargate, Photon Cannon  
  181  11:33  Photon Cannon  
  181  11:36  Robotics Facility  
  181  11:37  Warp Prism (Chrono Boost)  
  178  11:54  Zealot x7, Immortal (Chrono Boost)  
  178  11:55  Zealot  
  188  12:07  Tempest  
  182  12:09  Immortal (Chrono Boost)  
  182  12:12  Tempest (Chrono Boost)  
  190  12:19  High Templar x2  
  192  12:25  Immortal (Chrono Boost)  
  192  12:27  Tempest (Chrono Boost)  
  186  12:49  Tempest (Chrono Boost)  
  190  12:55  Tempest (Chrono Boost)  
  194  13:02  Zealot x3  
  196  13:47  Anion Pulse-Crystals (Chrono Boost), Protoss Air Weapons Level 1, Oracle (Chrono Boost)  
  194  13:53  Oracle  
  196  14:00  High Templar x3  
  196  14:01  High Templar  
  200  14:05  Archon x2  
  199  14:39  Observer  
  200  14:52  High Templar  
  200  15:39  Assimilator  
  200  15:46  Nexus  
  200  15:48  Pylon  
  200  15:49  Assimilator  
  199  15:50  Observer x2, Nexus  
  191  16:03  Tempest  
  183  16:11  High Templar x4  
  183  16:12  High Templar x3  
  183  16:13  High Templar  
  183  16:15  Archon  
  183  16:16  Archon  
  196  16:18  Archon x2  
  196  16:31  Observer  
  196  16:32  Probe x2  
  186  16:43  Probe  
  186  16:45  Tempest  
  186  16:51  Warp Prism  
  192  17:09  Nexus  
  192  17:14  Immortal  
  187  17:19  Immortal  
  175  17:28  Immortal  
  175  17:34  High Templar x4  
  181  17:38  Archon, Zealot x4  
  181  17:39  Archon  
  181  17:42  Pylon  
  181  17:43  Assimilator  
  165  17:44  Pylon  
  165  17:45  Assimilator  
  165  17:48  Immortal  
  165  17:49  Nexus  
  165  17:50  Pylon  
  156  17:58  Immortal  
  156  18:02  Zealot x4, Tempest  
  144  18:07  Immortal, Tempest  
  144  18:09  Tempest  
  144  18:11  Zealot x2  
  144  18:12  Zealot x2  
  168  18:22  Photon Cannon  
  168  18:25  Observer  
  168  18:26  Photon Cannon, High Templar x3  
  174  18:27  Photon Cannon  
  174  18:28  Zealot  
  177  18:39  Immortal  
  181  18:44  Probe  
  181  18:48  Photon Cannon  
  182  18:53  Zealot  
  182  18:54  High Templar x2  
  188  19:01  Archon  
  184  19:04  Zealot x3, Immortal  
  184  19:05  Zealot  
  195  19:15  Zealot x2  
  190  19:18  Oracle  
  187  19:32  Zealot x4  
  175  19:42  Observer, Zealot x3  
  177  19:51  Zealot  
  179  19:53  Zealot x2  
  179  19:57  Observer  
  176  20:03  Zealot x3  
  182  20:11  Observer  
  181  20:16  High Templar x2  
  181  20:19  Probe  
  186  20:21  Photon Cannon  
  186  20:23  Probe  
  186  20:24  Photon Cannon  
  179  20:29  Assimilator  
  179  20:32  Zealot x2  
  179  20:33  Assimilator  
  183  20:42  Zealot x4  
  191  21:00  High Templar  
  191  21:01  High Templar  
  191  21:16  Nexus  
  191  21:18  Zealot x6  
  191  21:26  Tempest  
  191  21:31  Probe  
  191  21:32  Pylon, Oracle  
  199  21:37  Pylon  
  163  22:14  Zealot x6  
  163  22:15  Zealot x2  
  164  22:24  Immortal  
  154  22:32  Gateway x2  
  154  22:36  Zealot x2  
  154  22:37  Zealot x4  
  149  22:52  Probe  
  149  22:54  Probe  
  149  22:57  Tempest (Chrono Boost)  
  151  22:59  Tempest (Chrono Boost)  
  151  23:03  Zealot x2  
  151  23:04  Zealot, High Templar x2  
  151  23:05  Zealot  
  168  23:08  Archon  
  168  23:10  Probe x2  
  159  23:15  Probe  
  159  23:17  Probe  
  140  23:27  Zealot x4  
  146  23:39  Tempest (Chrono Boost)  
  146  23:42  Probe  
  146  23:43  Probe  
  145  23:51  Nexus  
  145  23:56  Zealot x4  
  145  23:57  High Templar  
  145  23:58  High Templar  
  145  24:00  Zealot x2  
  161  24:04  Archon  
  161  24:09  Forge  
  161  24:21  Probe  
  161  24:23  Assimilator  
  161  24:24  Probe  
  163  24:25  Probe, Assimilator  
  146  24:39  High Templar  
  146  24:40  Zealot x7  
  158  24:46  Probe  
  158  24:47  Probe  
  158  24:48  Probe  
  158  24:50  Photon Cannon  
  152  25:02  Photon Cannon  
  152  25:03  High Templar  
  152  25:05  Zealot x4  
  162  25:10  High Templar  
  162  25:12  Zealot x2  
  167  25:27  Probe  
  165  25:33  Zealot x3  
  168  25:41  Zealot  
  164  25:42  Zealot  
  158  25:55  Zealot x4  
  158  25:56  Zealot x2  
  146  26:12  Pylon  
  146  26:14  Pylon  
  130  26:38  Nexus  
  130  26:39  Pylon  
  130  26:40  Pylon  
  130  26:44  Assimilator  
Show
View Real Time Build Order
Export as new Build Order

SortOf Zerg - Winner!

Build Orders: Hatch First, Lurkers 

Get SALT Encoding   

  12  0:00  Drone  
  13  0:12  Overlord  
  13  0:18  Drone  
  14  0:31  Drone x2  
  14  0:35  Drone  
  17  0:46  Drone  
  18  0:56  Drone  
  19  0:58  Hatchery  
  18  1:06  Drone  
  19  1:17  Drone  
  20  1:20  Extractor  
  19  1:27  Spawning Pool  
  19  1:28  Drone  
  19  1:42  Hatchery  
  19  1:46  Drone  
  19  1:53  Drone  
  20  2:03  Drone  
  21  2:11  Drone x2  
  23  2:16  Queen  
  23  2:19  Queen  
  27  2:23  Overlord  
  27  2:32  Metabolic Boost, Drone  
  28  2:39  Overlord  
  28  2:43  Drone, Zergling x2  
  30  2:45  Drone  
  31  2:53  Zergling x2  
  31  2:54  Zergling x2  
  31  2:55  Zergling x2  
  34  2:59  Queen  
  36  3:11  Zergling x2  
  37  3:17  Drone  
  37  3:18  Drone, Queen x2  
  43  3:21  Drone  
  43  3:24  Overlord  
  44  3:32  Drone x2  
  46  3:35  Drone  
  46  3:39  Overlord  
  46  3:40  Drone  
  46  3:41  Drone  
  49  3:43  Drone x2  
  49  3:46  Drone  
  52  3:49  Drone x2  
  52  3:52  Drone  
  55  4:00  Drone x3, Evolution Chamber  
  57  4:04  Queen  
  59  4:12  Drone, Lair  
  59  4:14  Drone x2  
  59  4:15  Overlord  
  62  4:17  Drone  
  62  4:19  Overlord  
  62  4:23  Overlord  
  63  4:26  Overlord  
  63  4:30  Overlord x2  
  63  4:35  Drone  
  63  4:36  Drone x2  
  66  4:39  Drone x4  
  66  4:40  Drone  
  66  4:45  Spore Crawler  
  70  4:46  Zerg Ground Armor Level 1  
  70  4:48  Spore Crawler  
  70  4:50  Drone, Spore Crawler  
  69  4:53  Drone  
  69  4:57  Queen  
  69  4:59  Drone x2  
  75  5:00  Drone  
  75  5:01  Extractor  
  75  5:05  Extractor x2  
  72  5:07  Extractor  
  72  5:08  Extractor  
  72  5:09  Drone x4  
  72  5:10  Drone x2  
  72  5:13  Drone x2  
  72  5:14  Drone x2  
  80  5:21  Hydralisk Den  
  79  5:26  Drone x2  
  78  5:31  Drone x2  
  78  5:33  Overlord  
  80  5:38  Drone x3  
  80  5:41  Overlord, Drone  
  80  5:42  Drone x3  
  87  5:51  Hydralisk  
  87  5:52  Muscular Augments, Hydralisk  
  87  5:53  Hydralisk  
  87  5:56  Hatchery  
  92  6:01  Drone  
  92  6:03  Drone  
  94  6:06  Hydralisk x3, Spore Crawler  
  99  6:11  Overlord x2  
  99  6:12  Hydralisk  
  99  6:14  Hydralisk  
  103  6:23  Drone x3  
  103  6:24  Hydralisk x3  
  109  6:28  Drone x2  
  109  6:29  Drone  
  109  6:33  Drone x3  
  109  6:35  Drone  
  109  6:36  Drone x2  
  115  6:41  Zerg Missile Weapons Level 1  
  115  6:43  Drone x3  
  118  6:50  Drone  
  118  6:54  Drone x4  
  118  6:55  Drone  
  118  6:56  Extractor  
  118  6:59  Extractor  
  121  7:01  Hydralisk x2  
  121  7:05  Overlord  
  121  7:06  Lurker Den  
  125  7:09  Drone  
  125  7:10  Drone  
  125  7:13  Spore Crawler  
  125  7:14  Hydralisk x2  
  130  7:17  Hydralisk  
  130  7:19  Overlord  
  132  7:25  Hatchery  
  131  7:33  Hydralisk  
  131  7:34  Hydralisk x5  
  142  7:39  Overlord, Hydralisk  
  142  7:40  Hydralisk x3  
  142  7:41  Overlord  
  142  7:43  Overlord  
  150  7:48  Overlord  
  150  7:50  Zergling x2  
  150  7:51  Zergling x2  
  152  7:58  Overlord  
  152  8:04  Zergling x2  
  152  8:05  Zergling x24  
  165  8:09  Hydralisk x2  
  169  8:18  Zergling x2  
  169  8:19  Zergling x6  
  172  8:21  Zergling x2  
  172  8:22  Zergling x16  
  172  8:26  Overlord  
  177  8:38  Zergling x16  
  181  8:44  Hydralisk x3  
  181  8:45  Hydralisk x2  
  188  8:48  Lurker x2  
  188  8:49  Lurker x8  
  188  8:52  Overseer  
  195  9:05  Lurker x2  
  195  9:08  Overlord  
  192  9:22  Hydralisk x5  
  196  9:27  Lurker x6  
  196  9:28  Overseer  
  196  9:31  Zerg Melee Weapons Level 1  
  198  9:33  Evolution Chamber  
  192  9:40  Zergling x2  
  192  9:41  Zergling x16  
  189  9:49  Hydralisk x5  
  189  9:50  Zergling x2  
  167  9:54  Zergling x12  
  145  10:03  Zerg Ground Armor Level 2  
  145  10:04  Overseer  
  145  10:06  Hatchery  
  145  10:07  Zergling x18  
  142  10:08  Infestation Pit  
  142  10:12  Hydralisk x4  
  133  10:15  Overseer  
  133  10:21  Drone x5  
  134  10:23  Overlord, Lurker  
  134  10:24  Lurker  
  139  10:35  Lurker x2  
  137  10:37  Drone x2  
  137  10:38  Extractor x2  
  137  10:47  Lurker x3  
  137  10:48  Zergling x18  
  137  10:49  Zergling x14  
  156  10:51  Queen x3  
  156  10:56  Hive  
  162  11:03  Lurker  
  162  11:04  Lurker  
  164  11:08  Hydralisk x2  
  164  11:10  Zergling x6  
  171  11:19  Lurker x2  
  171  11:20  Hydralisk x2  
  176  11:30  Hydralisk x3  
  176  11:31  Hydralisk  
  182  11:34  Hydralisk x2  
  186  11:43  Hydralisk  
  186  11:44  Hydralisk x4  
  186  11:45  Zergling x6  
  198  11:50  Spine Crawler  
  195  12:01  Zergling x22  
  188  12:03  Lurker  
  188  12:04  Lurker  
  188  12:07  Zergling x4  
  188  12:08  Zergling x14  
  192  12:14  Zergling x2  
  192  12:15  Zergling x16  
  195  12:20  Zergling x4  
  195  12:22  Zerg Melee Weapons Level 2, Adrenal Glands  
  190  12:26  Drone x2  
  190  12:27  Drone x3  
  190  12:28  Drone  
  192  12:34  Lurker  
  192  12:35  Lurker x3  
  194  12:41  Zerg Ground Armor Level 3  
  194  12:47  Viper  
  197  12:57  Hydralisk  
  189  13:25  Hydralisk  
  189  13:26  Hydralisk  
  193  13:29  Ultralisk Cavern  
  193  13:32  Viper x2  
  198  13:46  Viper  
  191  14:16  Hydralisk  
  189  14:17  Zergling x2  
  182  14:49  Hydralisk x11  
  182  14:52  Chitinous Plating  
  181  14:54  Viper  
  181  14:58  Hydralisk x9  
  199  15:05  Overlord x4  
  193  15:14  Spore Crawler x2  
  192  15:17  Spore Crawler  
  190  15:23  Pneumatized Carapace  
  190  15:27  Lurker  
  185  15:36  Ultralisk x2  
  193  15:47  Hydralisk  
  193  15:49  Lurker x3  
  196  15:50  Lurker  
  196  15:54  Hydralisk  
  185  16:03  Hydralisk x11  
  191  16:10  Hydralisk x2  
  186  16:19  Hydralisk x6  
  186  16:20  Zergling x2  
  186  16:24  Hydralisk  
  194  16:37  Zergling x2  
  194  16:39  Zergling x16  
  199  16:40  Zergling x8  
  199  16:42  Zerg Melee Weapons Level 3  
  199  16:46  Lurker x2  
  196  16:47  Lurker x3  
  196  16:48  Zergling x8  
  193  16:57  Hydralisk  
  187  17:04  Hydralisk x2  
  187  17:07  Zergling x6  
  187  17:08  Zergling x18  
  173  17:17  Hydralisk x10  
  173  17:19  Zergling x14  
  173  17:20  Zergling x6  
  177  17:26  Hydralisk  
  153  17:48  Viper x3  
  153  17:51  Hatchery  
  161  17:52  Zergling x12  
  162  18:04  Zergling x14  
  159  18:13  Zergling x8  
  163  18:25  Lurker x5  
  168  18:30  Spine Crawler  
  168  18:32  Overseer, Spore Crawler  
  166  18:48  Zergling x2  
  166  18:49  Zergling x20  
  171  19:05  Zergling x4  
  169  19:17  Zergling x12  
  143  19:42  Hydralisk x6  
  143  19:44  Ultralisk, Zergling x10  
  163  19:47  Ultralisk x2  
  165  19:57  Zergling x16  
  173  20:13  Viper  
  174  20:22  Hatchery  
  173  20:34  Spine Crawler, Extractor  
  171  20:38  Extractor  
  171  20:39  Ultralisk  
  171  20:40  Zergling x2  
  177  20:50  Overseer  
  177  20:52  Spine Crawler, Drone x3  
  179  21:04  Ultralisk  
  179  21:05  Zergling x18  
  178  21:26  Ultralisk, Zergling x22  
  195  21:37  Extractor  
  195  21:38  Spore Crawler  
  195  21:39  Extractor  
  192  21:41  Spine Crawler  
  191  21:48  Zergling x2  
  191  21:49  Zergling x10  
  164  22:16  Hydralisk x2  
  164  22:17  Hydralisk x2  
  166  22:24  Drone x14  
  172  22:36  Viper x2  
  170  22:39  Zergling x22  
  170  22:44  Lurker x2  
  173  23:03  Viper  
  173  23:04  Viper  
  177  23:08  Hatchery  
  165  23:18  Zergling x2  
  165  23:19  Zergling x10  
  167  23:39  Viper x2  
  170  23:44  Hatchery  
  166  23:51  Hydralisk x4  
  174  23:58  Drone  
  174  24:05  Zergling x20  
  184  24:18  Zergling x2  
  184  24:19  Zergling x12  
  169  24:46  Zergling x8  
  169  24:47  Zergling x30  
  178  25:01  Hydralisk  
  178  25:02  Hydralisk x4  
  178  25:03  Lurker  
  178  25:04  Lurker x2  
  178  25:06  Lurker  
  192  25:09  Drone  
  192  25:10  Drone x2  
  195  25:15  Drone  
  195  25:31  Overseer  
  193  25:36  Lurker x3  
  193  25:38  Hydralisk x2  
  193  25:41  Hydralisk  
  195  25:51  Zergling x10  
  197  25:59  Zergling x2  
  197  26:00  Zergling x4  
  198  26:10  Zergling x4  
  195  26:27  Overseer  
  193  26:35  Extractor  
  193  26:36  Zergling x16, Extractor  
  189  26:50  Lurker x3  
  192  26:53  Extractor x2  
Tags
 
Add a new tag
Caveats
  • Supply blocks, unpowered buildings, or Contaminate may cause inaccurate times.
  • Supply counts are checked every 10 seconds.